 Dungeon Crawl Stone Soup version 0.29.1-14-g9c671dbff4 (webtiles) character file.

Game seed: 15335308554614280053

3639 Peloso the Basher (level 9, 0/79 HPs)
             Began as a Minotaur Fighter on Feb 17, 2023.
             Was a Believer of Okawaru.
             Succumbed to a killer bee's poison
             ... on level 8 of the Dungeon.
             The game lasted 00:13:27 (6168 turns).

Peloso the Basher (Minotaur Fighter)                Turns: 6168, Time: 00:13:27

Health: 0/79       AC: 14    Str: 27    XL:     9   Next: 87%
Magic:  8/8        EV: 10    Int:  5    God:    Okawaru [**....]
Gold:   353        SH:  6    Dex: 16    Spells: 8/8 levels left

rFire   + . .      SeeInvis .   b - +10 whip of Courage {drain, *Rage +Blink Str+4 Dex+4}
rCold   . . .      Faith    .   c - +0 buckler
rNeg    . . .      Spirit   .   d - +2 chain mail {rF+}
rPois   .          Reflect  .   (helmet restricted)
rElec   .          Harm     .   o - +0 cloak
rCorr   .          Rampage  .   (no gloves)
Will    .....      Rage     20% (no boots)
Stlth   ..........              t - amulet of regeneration
HPRegen 1.03/turn               e - +4 ring of slaying
MPRegen 0.11/turn               (no ring)

@: lethally poisoned (0 -> -2), on berserk cooldown, slowed, very slow
A: horns 2, retaliatory headbutt
a: Renounce Religion, Evoke Blink, Heroism


You were on level 8 of the Dungeon.
You worshipped Okawaru.
Okawaru was pleased with you.
You visited 2 branches of the dungeon, and saw 9 of its levels.
You also visited: Ossuary.

You collected 353 gold pieces.

Inventory:

Hand Weapons
 a - a +1 long sword
 b - the +10 whip of Courage (weapon) {drain, *Rage +Blink Str+4 Dex+4}
   (You found it on level 2 of the Dungeon)

   A truly terrible weapon, it drains the life of any living foe it strikes.
   Str:       It affects your strength (+4).
   Dex:       It affects your dexterity (+4).
   +Blink:    It lets you blink.
   *Rage:     It berserks you when you make melee attacks (+20% chance).
Armour
 c - a +0 buckler (worn)
 d - a +2 chain mail of fire resistance (worn)
 o - a +0 cloak (worn)
Jewellery
 e - a +4 ring of slaying (left hand)
 i - a ring of ice
 s - a ring of see invisible
 t - an amulet of regeneration (around neck)
 B - a +6 ring of strength
Wands
 k - a wand of acid (17)
 n - a wand of roots (23)
 C - a wand of polymorph (6)
 D - a wand of flame (12)
Scrolls
 f - 7 scrolls of amnesia
 l - a scroll of noise
 m - a scroll of immolation
 r - 3 scrolls of magic mapping
 w - 3 scrolls of summoning
 x - a scroll of teleportation
 y - 3 scrolls of blinking
 z - a scroll of poison
 E - 4 scrolls of enchant weapon
 F - a scroll of enchant armour
Potions
 g - a potion of berserk rage
 j - 5 potions of might
 p - 7 potions of curing
 q - 2 potions of brilliance
 u - a potion of invisibility
 G - 2 potions of haste


   Skills:
 + Level 7.5 Fighting
 + Level 5.1 Long Blades
 + Level 9.5 Maces & Flails
 + Level 9.2 Armour
 + Level 2.9 Dodging
 + Level 1.8 Stealth
 + Level 7.4 Shields


You had 8 spell levels left.
You didn't know any spells.
Your spell library contained the following spells:

 Spells                   Type           Power      Damage    Failure   Level
 Fireball                 Conj/Fire      0%         3d3       100%        5
 Starburst                Conj/Fire      0%         6d3       100%        6
 Ignition                 Fire           0%         3d3       100%        8
 Summon Ice Beast         Ice/Summ       Unusable   N/A       N/A         4
 Summon Mana Viper        Hex/Summ       Unusable   N/A       N/A         5
 Monstrous Menagerie      Summ           Unusable   N/A       N/A         7

Dungeon Overview and Level Annotations

Branches:
Dungeon (8/15)             Temple (1/1) D:4         Ossuary (visited)
   Lair: D:8-11

Altars:
Ashenzari
Dithmenos
Elyvilon
Fedhas
Hepliaklqana
Kikubaaqudgha
Makhleb
Nemelex Xobeh
Okawaru
Qazlal
Ru
Sif Muna
Uskayaw
Vehumet
Wu Jian
Xom
Zin
The Shining One

Shops:
D:1 *   D:5 :   D:7 *


Innate Abilities, Weirdness & Mutations

You have a pair of horns on your head.
You reflexively headbutt those who attack you in melee.


Message History

The killer bee stings you. x2
* * * LOW HITPOINT WARNING * * *
You are poisoned.
The killer bee poisons you! The killer bee misses you.
The killer bee stings you but does no damage.
You miss the killer bee.
The killer bee is severely wounded.
You feel very sick.
The killer bee stings you but does no damage.
The killer bee closely misses you. You furiously retaliate!
You headbutt the killer bee!
You kill the killer bee!
Okawaru accepts your kill. The killer bee stings you.
* * * LOW HITPOINT WARNING * * *
You are more poisoned.
The killer bee poisons you!
You feel very sick. The killer bee closely misses you.
The killer bee stings you.
* * * LOW HITPOINT WARNING * * *
The killer bee barely misses you.
You see here a killer bee corpse.
Unknown command.
You feel very sick.
The killer bee stings you but does no damage.
The killer bee stings you.
* * * LOW HITPOINT WARNING * * *
You are lethally poisoned!
The killer bee poisons you! The killer bee closely misses you.
You furiously retaliate!
You headbutt the killer bee. You whack the killer bee!
You kill the killer bee!
Okawaru accepts your kill.
* * * LOW HITPOINT WARNING * * *
You feel very sick.
Unknown command.
* * * LOW HITPOINT WARNING * * *
You feel very sick.
You see here a killer bee corpse.
You die...

..## # #....#.#
##.#..#.# +.......#
#..#....# #.......#
#....##.#
###...)#<.#
#.<...)).@# #
...........>††##...#
.PP.P..............#
..P...###.#..#######


PPP..P #.#.... PhP..P #.#....# ..PP. #.#.##.# ..PPP #.#.# .# #. .# There were no
monsters in sight!

Vanquished Creatures
  Grinder (D:5)
  Eustachio (D:5)
  Sigmund (D:2)
  A steam dragon (D:6)
  2 orc warriors
  3 black bears
  2 ice beasts (D:5)
  2 sky beasts
  3 centaurs (D:7)
  A phantom (D:7)
  Blork the orc (D:4)
  An elf zombie (Ossuary)
  A bullfrog (D:8)
  2 necrophages
  4 scorpions
  6 killer bees (D:8)
  A howler monkey (D:5)
  3 centaur zombies (Ossuary)
  3 hounds
  Crazy Yiuf (D:2)
  2 orc priests
  2 human zombies (Ossuary)
  Terence (D:2)
  6 iguanas
  5 orc wizards
  3 hound zombies (Ossuary)
  3 mummies (Ossuary)
  6 gnolls
  6 adders
  A shadow imp (D:7)
  2 white imps (D:7)
  2 ufetubi
  6 adder zombies (Ossuary)
  3 worms
  6 dart slugs
  22 orcs
  3 ball pythons
  2 bats
  4 endoplasms
  4 giant cockroaches
  5 goblins
  5 hobgoblins
  11 jackals
  4 quokkas
  2 frilled lizards
  2 gnoll zombies (Ossuary)
  A goblin zombie (Ossuary)
  2 hobgoblin zombies (Ossuary)
  4 jackal zombies (Ossuary)
  2 kobolds
  3 kobold zombies (Ossuary)
  An orc zombie (Ossuary)
  3 quokka zombies (Ossuary)
  6 rats
  4 rat zombies (Ossuary)
184 creatures vanquished.

Vanquished Creatures (others)
  20 fungi (D:8)
  23 plants
43 creatures vanquished.

Grand Total: 227 creatures vanquished

Notes
Turn   | Place    | Note
-------+----------+-------------------------------------------
     0 | D:1      | Peloso the Minotaur Fighter began the quest for the Orb.
     0 | D:1      | Reached XP level 1. HP: 19/19 MP: 0/0
    79 | D:1      | Reached XP level 2. HP: 10/27 MP: 1/1
    83 | D:1      | Found a faded altar of an unknown god.
   420 | D:1      | Found Aromefe's General Store.
   725 | D:2      | Reached XP level 3. HP: 33/33 MP: 2/2
   857 | D:2      | Identified the +10 whip of Courage {drain, *Rage +Blink
                  | Str+4 Dex+4}
   985 | D:2      | Found a runed translucent door.
   986 | D:2      | Noticed Crazy Yiuf
  1023 | D:2      | Noticed Sigmund
  1028 | D:2      | Killed Sigmund
  1029 | D:2      | Reached skill level 1 in Dodging
  1029 | D:2      | Reached XP level 4. HP: 41/41 MP: 3/3
  1029 | D:2      | Reached XP level 5. HP: 47/47 MP: 4/4
  1088 | D:2      | Noticed Terence
  1093 | D:2      | Killed Terence
  1541 | D:2      | Reached skill level 5 in Armour
  1774 | D:2      | Killed Crazy Yiuf
  2105 | D:3      | Found a broken altar of Ashenzari.
  2161 | D:3      | Reached XP level 6. HP: 55/55 MP: 5/5
  2371 | D:3      | Reached skill level 5 in Fighting
  2371 | D:3      | Reached skill level 5 in Long Blades
  3167 | D:4      | Reached skill level 1 in Maces & Flails
  3252 | D:4      | Found a shadowy altar of Dithmenos.
  3254 | D:4      | Found a shadowy altar of Dithmenos.
  3254 | D:4      | Found a shadowy altar of Dithmenos.
  3256 | D:4      | Found a shadowy altar of Dithmenos.
  3256 | D:4      | Found a hazy altar of Hepliaklqana.
  3256 | D:4      | Found a shimmering altar of Xom.
  3321 | D:4      | Noticed Blork the orc
  3328 | D:4      | Killed Blork the orc
  3329 | D:4      | Reached XP level 7. HP: 44/61 MP: 6/6
  3376 | D:4      | Found a sparkling altar of Nemelex Xobeh.
  3384 | D:4      | Found a staircase to the Ecumenical Temple.
  3424 | Temple   | Entered the Ecumenical Temple
  3846 | D:4      | Found a sacrificial altar of Ru.
  4076 | D:5      | Entered Level 5 of the Dungeon
  4093 | D:5      | Reached skill level 1 in Stealth
  4100 | D:5      | Reached skill level 5 in Shields
  4132 | D:5      | Noticed Eustachio
  4138 | D:5      | Killed Eustachio
  4139 | D:5      | Reached XP level 8. HP: 70/70 MP: 7/7
  4205 | D:5      | Reached skill level 5 in Maces & Flails
  4328 | D:5      | Found a blossoming altar of Fedhas.
  4361 | D:5      | Found Kuikaucle's Book Shop.
  4427 | D:5      | Found a hide-covered altar of Uskayaw.
  4507 | D:5      | Noticed Grinder
  4512 | D:5      | Killed Grinder
  4582 | D:5      | Found an iron altar of Okawaru.
  4611 | D:5      | Became a worshipper of Warmaster Okawaru
  5038 | D:6      | Reached * piety under Okawaru
  5039 | D:6      | Reached XP level 9. HP: 57/78 MP: 8/8
  5364 | D:7      | Found a sand-covered staircase.
  5369 | Ossuary  | Entered an ossuary
  5730 | D:7      | Found Dbuxusk's Desiderata Depot.
  5853 | D:7      | Found a glowing golden altar of the Shining One.
  5853 | D:7      | Found a shadowy altar of Dithmenos.
  6143 | D:8      | Reached ** piety under Okawaru
  6167 | D:8      | HP: 1/79 [poisoned by a killer bee]
  6168 | D:8      | Succumbed to a killer bee's poison

Illustrated notes

Levels and vault maps discovered:
D:1:      onia_arrival_mini_spirals, layout_rooms, serial_shops, shop_fountains,
          dreamdust_ecumenical_altar_grove
D:2:      layout_basic, uniq_sigmund, uniq_terence, uniq_crazy_yiuf_cottage
D:3:      layout_basic, cheibrodos_ashenzari_chains, serial_glass,
          glass_columns_b, glass_columns_a, glass_columns_a, glass_columns_b,
          glass_columns_a, glass_columns_a
D:4:      layout_gridville, doesnt_xom_only_xom,
          mainiacjoe_overflow_tiny_flanked, lemuel_doored_altar,
          temple_fountains, uniq_blork_the_orc
D:5:      layout_basic, lemuel_crystal_altar,
          mainiacjoe_overflow_concentric_impassable, okawaru_trees_2,
          serial_shops, nicolae_take_the_stairs, uniq_eustachio, uniq_grinder
D:6:      layout_basic
D:7:      layout_cave_pools, gammafunk_temple_overflow_statue,
          nicolae_ossuary_entry_ruins, nicolae_alphabet_shops,
          kennysheep_windowed_goal
D:8:      layout_basic, jmf_multi_god_temple2, due_lair_maze_entry_diamond,
          uniq_erica, uniq_grum
Temple:   hellmonk_temple_beads

Skill      XL: |  1  2  3  4  5  6  7  8  9 |
---------------+----------------------------+-----
Long Blades    | 3 4 5 |  5.1
Fighting       | 4 5 6 7 |  7.5
Shields        | 4 5 7 |  7.4
Armour         | 4 5 6 8 9 |  9.2
Dodging        | 1 2 |  2.9
Maces & Flails | 2 4 7 9 |  9.5
Stealth        | 1 |  1.8

Action                   |  1- 3 |  4- 6 |  7- 9 || total
-------------------------+-------+-------+-------++-------
Melee: Long sword        |    50 |       |       ||    50
       Headbutt          |     7 |     6 |    33 ||    46
       Whip              |     4 |    69 |   211 ||   284
  Use: Scroll            |     2 |     7 |     9 ||    18
       Potion            |       |     1 |       ||     1
Armor: Scale mail        |    24 |     1 |       ||    25
       Chain mail        |       |    24 |   108 ||   132
       Skin              |       |     2 |       ||     2
Dodge: Dodged            |    23 |    19 |    90 ||   132
Block: Buckler           |    12 |    15 |    73 ||   100
